 Dungeon Crawl Stone Soup version 0.28-a0-1406-ga8dd43b1d0 (webtiles) character file.

Game seed: 4855439268012268512

95 Ijustatesigmund the Chopper (level 4, -5/41 HPs)
             Began as a Hill Orc Fighter on Jan 6, 2022.
             Slain by Sigmund (6 damage)
             ... on level 3 of the Dungeon.
             The game lasted 00:03:15 (2262 turns).

Ijustatesigmund the Chopper (Hill Orc Fighter)      Turns: 2262, Time: 00:03:16

Health: -5/41      AC: 12    Str: 20    XL:     4   Next: 66%
Magic:  4/4        EV:  5    Int:  8    God:
Gold:   50         SH:  4    Dex: 10    Spells: 3/3 levels left

rFire   . . .      SeeInvis .   a - +0 war axe
rCold   . . .      Faith    .   c - +0 buckler
rNeg    . . .      Spirit   .   b - +0 plate armour
rPois   .          Reflect  .   f - +0 helmet
rElec   .          Harm     .   (no cloak)
rCorr   .          Rampage  .   (no gloves)
Will    .....                   (no boots)
Stlth   ..........              (no amulet)
HPRegen 0.13/turn               (no ring)
MPRegen 0.09/turn               (no ring)

@: mighty
A: no striking features
a: Convert to Beogh


You were on level 3 of the Dungeon.
You visited 1 branch of the dungeon, and saw 3 of its levels.

You collected 50 gold pieces.

Inventory:

Hand Weapons
 a - a +0 war axe (weapon)
Armour
 b - a +0 plate armour (worn)
 c - a +0 buckler (worn)
 f - a +0 helmet (worn)
Scrolls
 i - 2 scrolls of identify


   Skills:
 + Level 4.6 Fighting
 * Level 5.4 Axes
 - Level 3.2 Armour
 - Level 3.2 Shields


You had 3 spell levels left.
You didn't know any spells.
Your spell library was empty.

Dungeon Overview and Level Annotations

Branches:
Dungeon (3/15)

Altars:

Annotations:
D:3 Sigmund


Message History

(press Y on the ability menu to convert to Beogh)
The orc priest shouts!
You hear a shout! x2
An orc priest comes into view. It is wielding a +0 flail.
The orc priest begins to cast a cantrip, but forgets the words!
An orc and a dart slug come into view.
The orc shouts!
The orc priest shouts, "Join the one true god or die!"
Sigmund the Dreaded comes into view.
He is wielding a +0 scythe.
The orc moves out of view.
The orc priest hits you but does no damage.
You barely miss the orc priest.
The orc priest hits you but does no damage.
Sigmund says, "Don't worry, I'll kill you fast."
The orc priest invokes the aid of Beogh against you.
Beogh smites you!
You hit the orc priest.
The orc priest is moderately wounded.
The orc priest looks encouraged for a moment.
Sigmund barely misses you. The orc hits you but does no damage.
Okay, then.
You feel very mighty all of a sudden.
The orc priest hits you with a +0 hand axe.
The orc priest calls down the wrath of Beogh upon you.
Beogh smites you! The orc hits you but does no damage.
Sigmund hits you but does no damage.
You slash the orc priest!
You kill the orc priest!
You slash the orc!
You kill the orc!
Your Axes skill increases to level 5!
You barely miss the orc priest.
Sigmund hits you from afar with a +0 scythe!
* * * LOW HITPOINT WARNING * * *
The orc priest hits you but does no damage.
You feel better.
The orc priest invokes the aid of Beogh against you.
Pain shoots through your body!
* * * LOW HITPOINT WARNING * * *
Sigmund hits you from afar with a +0 scythe.
You die...

#.# #.#.#####
#.......# #w#
#.# #o#
#o##### #@#
#.#...#
#)###.#.#.#
#@o.....#.#
.#####.....#
#.........#.#
#########.# #
#.# #.#
#.######
#......#
######.#


You could see Sigmund, an orc priest, a dart slug and an orc.

Vanquished Creatures
  An orc priest (D:3)
  2 adders (D:2)
  2 dart slugs (D:2)
  5 orcs
  7 ball pythons
  3 endoplasms
  A giant cockroach (D:2)
  4 goblins
  A hobgoblin (D:1)
  3 bats (D:1)
  6 frilled lizards
  2 kobolds (D:1)
  4 rats
41 creatures vanquished.

Vanquished Creatures (others)
  4 plants (D:2)
4 creatures vanquished.

Grand Total: 45 creatures vanquished

Notes
Turn   | Place    | Note
-------+----------+-------------------------------------------
     0 | D:1      | Ijustatesigmund the Hill Orc Fighter began the quest for
                  | the Orb.
     0 | D:1      | Reached XP level 1. HP: 19/19 MP: 1/1
    57 | D:1      | Reached skill level 3 in Axes
   262 | D:1      | Reached XP level 2. HP: 21/27 MP: 2/2
   977 | D:2      | Found a faded altar of an unknown god.
  1106 | D:2      | Reached skill level 4 in Axes
  1107 | D:2      | Reached XP level 3. HP: 33/33 MP: 3/3
  1761 | D:2      | Reached XP level 4. HP: 41/41 MP: 4/4
  2255 | D:3      | Noticed Sigmund
  2261 | D:3      | Reached skill level 5 in Axes
  2262 | D:3      | HP: 1/41 [orc priest/nerve-wracking pain (12)]
  2262 | D:3      | Slain by Sigmund

Illustrated notes

Levels and vault maps discovered:
D:1:      dpeg_arrival_shrine, layout_basic
D:2:      layout_basic, nicolae_ecumenical_oubliette, minmay_lizard_king
D:3:      layout_basic, uniq_jessica, uniq_sigmund, uniq_robin, uniq_natasha,
          uniq_grinder

Skill      XL: |  1  2  3  4 |
---------------+-------------+-----
Axes           | 3 4 5 |  5.4
Fighting       | 4 |  4.6
Armour         | |  3.2
Shields        | |  3.2

Action                   |  1- 3 |  4- 6 || total
-------------------------+-------+-------++-------
Melee: War axe           |    93 |    20 ||   113
  Use: Scroll            |       |     5 ||     5
       Potion            |       |     2 ||     2
Armor: Plate armour      |    60 |    16 ||    76
       Scale mail        |     3 |       ||     3
Dodge: Dodged            |    19 |     6 ||    25
Block: Buckler           |    17 |     8 ||    25

Table legend: (Time is in decaauts)
 A = Elapsed time spent in this place.
 B = Non-inter-level travel time spent in this place.
 C = Inter-level travel time spent in this place.
 D = Time resting spent in this place.
 E = Time spent auto-exploring this place.
 F = Levels seen in this place.
 G = Mean time per level.
                   A        B        C        D        E       F      G
               +--------+--------+--------+--------+--------+-----+--------+
         Total |   2302 |   2116 |    186 |    134 |   1643 |   3 |  767.3 |
       Dungeon |   2302 |   2116 |    186 |    134 |   1643 |   3 |  767.3 |
               +--------+--------+--------+--------+--------+-----+--------+

Top non-repeatable levels by time:
     D:2: 1211 daAuts
     D:1: 1038 daAuts
     D:3: 52 daAuts
